 Dungeon Sprint DCSS version 0.29-a0-512-gf59ac788ac (webtiles) character file.

Game seed: 17465973446960305476

539 mhtbhm the Spear-Bearer (level 7, -10/60 (63) HPs)
             Began as a Formicid Fighter on May 29, 2022.
             Was an Initiate of Qazlal.
             Mangled by a soul eater (16 damage)
             ... summoned by a kobold demonologist
             ... in the Dungeon (Sprint III: "The Ten Rune Challenge").
             The game lasted 00:01:45 (1173 turns).

mhtbhm the Spear-Bearer (Formicid Fighter)          Turns: 1173, Time: 00:01:46

HP:   -10/60 (63)   AC: 10    Str: 23    XL:     7   Next: 51%
MP:   7/7           EV: 10    Int:  7    God:    Qazlal [......]
Gold: 25            SH:  5    Dex: 10    Spells: 6/6 levels left

rFire   . . .      SeeInvis +   a - +0 trident
rCold   . . .      Faith    .   c - +0 buckler
rNeg    . . .      Spirit   .   b - +0 scale mail
rPois   .          Reflect  .   (helmet unavailable)
rElec   .          Harm     .   d - +1 cloak {Stlth+}
rCorr   .          Rampage  .   (no gloves)
Will    .....                   (no boots)
Stlth   +.........              (no amulet)
HPRegen 0.20/turn               (no ring)
MPRegen 0.10/turn               (no ring)

@: lightly drained
A: permanent stasis, dig shafts and tunnels, antennae 3, four strong arms
a: Dig, Renounce Religion


You were in the Dungeon.
You worshipped Qazlal.
Qazlal was noncommittal.
You visited 1 branch You collected 25 gold pieces.

Inventory:

Hand Weapons
 a - a +0 trident (weapon)
Armour
 b - a +0 scale mail (worn)
 c - a +0 buckler (worn)
 d - a +1 cloak of stealth (worn)
Wands
 e - a wand of polymorph (11)
Scrolls
 h - 2 scrolls of summoning {unknown}
 i - 2 scrolls of poison {unknown}
 j - a scroll of identify {unknown}
 l - a scroll of vulnerability {unknown}
Potions
 g - 2 potions of magic
 k - a potion of haste {unknown}
 m - 2 potions of flight
 n - 6 potions of mutation
Miscellaneous
 f - a box of beasts


   Skills:
 + Level 8.4 Fighting
 + Level 10.1 Polearms
 + Level 8.3 Armour
 + Level 2.2 Dodging
 - Level 1.3 Stealth
 + Level 7.4 Shields
 * Level 1.0 Invocations


You had 6 spell levels left.
You didn't know any spells.
Your spell library was empty.

Dungeon Overview and Level Annotations

Branches:
Dungeon (1/1)

Altars:
Cheibriados
Dithmenos
Fedhas
Gozag
Hepliaklqana
Kikubaaqudgha
Makhleb
Nemelex Xobeh
Qazlal
Ru
Sif Muna
Vehumet
Xom
Yredelemnul
Jiyva
Lugonu


Innate Abilities, Weirdness & Mutations

You cannot be hasted, slowed, berserked, paralysed or teleported.
You can dig through walls and to a lower floor.
You have a pair of large antennae on your head. (SInv)
Your four strong arms can wield two-handed weapons with a shield.


Message History

Unknown command.
Press: ? - help, v - describe, . - travel, g - get item
Here: a kobold demonologist, wielding a +0 dagger and wearing a +0 robe Item here: a book of Hexes.
The floor.
Unknown command.
Okay, then.
You hit the kobold demonologist.
The kobold demonologist is heavily wounded.
The kobold demonologist hits you but does no damage.
The ynoxinul gestures.
Unknown command.
You hit the kobold demonologist.
The kobold demonologist is almost dead.
The soul eater barely misses you. The ufetubus hits you. x2
* * * LOW HITPOINT WARNING * * *
You block the kobold demonologist's attack.
The ynoxinul hits you but does no damage.
You closely miss the kobold demonologist.
The kobold demonologist is almost dead.
The ufetubus hits you but does no damage.
You block the ufetubus's attack. You block the soul eater's attack.
The kobold demonologist mumbles some strange words.
Unknown command.
You barely miss the kobold demonologist.
The kobold demonologist is almost dead.
The ufetubus hits you but does no damage.
The ufetubus barely misses you. The ynoxinul hits you!
* * * LOW HITPOINT WARNING * * *
The soul eater closely misses you.
You closely miss the kobold demonologist.
The kobold demonologist is almost dead.
The ufetubus hits you.
* * * LOW HITPOINT WARNING * * *
The ufetubus hits you but does no damage.
The kobold demonologist hits you with a +0 dagger.
* * * LOW HITPOINT WARNING * * *
The ynoxinul gestures.
The soul eater hits you!
You die...

.#......#####..# {#__#
##...÷......#..#{ {#._# {{{
.##.##...#..#..###+#+###)##
{{{
.##.###..##)#..#..........#
{{{
####.##..###...'.⌠........#
##..##.)## #...#555######'#
....##..# #....#555#__#...#
#..##...##.....#355#__#...#
..##....#......#@###__#...#
{
.###..##.#.....#3K:#__#...+
.# #.. ####....#4__#__'...#
▓▓ ▓▓▓ ▓▓▓▓▓▓▓▓▓▓▓▓▓▓▓▓▓ {
{ { { { { { {{ { { {{ {{


You could see a soul eater (summoned), a rust devil (summoned), a kobold
demonologist, a ynoxinul (summoned) and 8 ufetubi.

Vanquished Creatures
  A shadow (D)
  A spatial vortex (D)
  A necrophage (D)
  A water elemental (D)
  A jelly (D)
  Crazy Yiuf (D)
  A wizard (D)
  Jessica (D)
  A necromancer (D)
  A human (D)
  2 endoplasms (D)
  A rat (D)
13 creatures vanquished.

Notes
Turn   | Place    | Note
-------+----------+-------------------------------------------
     0 | D        | mhtbhm the Formicid Fighter began the quest for the Orb.
     0 | D        | Reached XP level 1. HP: 18/18 MP: 1/1
   130 | D        | Noticed Jessica
   143 | D        | Killed Jessica
   144 | D        | Reached skill level 5 in Fighting
   144 | D        | Reached skill level 3 in Polearms
   144 | D        | Reached skill level 5 in Shields
   144 | D        | Reached XP level 2. HP: 2/27 MP: 2/2
   144 | D        | Reached XP level 3. HP: 2/33 MP: 3/3
   409 | D        | Noticed Crazy Yiuf
   416 | D        | Killed Crazy Yiuf
   417 | D        | Reached skill level 4 in Polearms
   417 | D        | Reached skill level 5 in Armour
   417 | D        | Reached XP level 4. HP: 26/39 MP: 4/4
   616 | D        | Noticed a water elemental
   631 | D        | Killed a water elemental
   632 | D        | Reached skill level 5 in Polearms
   632 | D        | Reached XP level 5. HP: 39/47 MP: 5/5
   692 | D        | Found a basalt altar of Yredelemnul.
   692 | D        | Found a shadowy altar of Dithmenos.
   692 | D        | Found a sacrificial altar of Ru.
   700 | D        | Reached skill level 6 in Polearms
   715 | D        | Reached skill level 7 in Polearms
   715 | D        | Reached skill level 1 in Dodging
   715 | D        | Reached XP level 6. HP: 4/55 MP: 6/6
  1099 | D        | Noticed a shadow
  1102 | D        | Killed a shadow
  1103 | D        | Reached skill level 9 in Polearms
  1103 | D        | Reached skill level 1 in Stealth
  1103 | D        | Reached XP level 7. HP: 62/62 MP: 7/7
  1110 | D        | Found a blossoming altar of Fedhas.
  1110 | D        | Found a stormy altar of Qazlal.
  1110 | D        | Found a snail-covered altar of Cheibriados.
  1110 | D        | Found a burning altar of Makhleb.
  1110 | D        | Found a shimmering altar of Xom.
  1111 | D        | Found a hazy altar of Hepliaklqana.
  1111 | D        | Found an opulent altar of Gozag.
  1111 | D        | Found a sparkling altar of Nemelex Xobeh.
  1111 | D        | Found a corrupted altar of Lugonu.
  1111 | D        | Found a viscous altar of Jiyva.
  1111 | D        | Noticed a spatial vortex
  1121 | D        | Killed a spatial vortex
  1122 | D        | Reached skill level 10 in Polearms
  1130 | D        | Became a worshipper of Qazlal Stormbringer
  1158 | D        | Found a radiant altar of Vehumet.
  1158 | D        | Found a shimmering blue altar of Sif Muna.
  1158 | D        | Found an ancient bone altar of Kikubaaqudgha.
  1163 | D        | Reached skill level 1 in Invocations
  1164 | D        | Noticed a soul eater
  1166 | D        | Noticed a ynoxinul
  1172 | D        | Noticed a rust devil
  1173 | D        | Mangled by a soul eater

Illustrated notes

Levels and vault maps discovered:
D:        dungeon_sprint_mu [sprint_mu_entry_cave, sprint_mu_temple_rooms,
          sprint_mu_d1_spiders, sprint_mu_d2_genie, sprint_mu_d3_branching,
          sprint_mu_orc_legion, sprint_mu_elf_gauntlet, sprint_mu_hive_nellie,
          sprint_mu_lair_fedhas, sprint_mu_vaults_butterflies,
          sprint_mu_slime_circle, sprint_mu_swamp_cave, sprint_mu_snake_twists,
          sprint_mu_blade_basic, sprint_mu_crypt_lich, sprint_mu_tomb_spiral,
          sprint_mu_vestibule_basic, sprint_mu_gehenna_hellfire,
          sprint_mu_dis_giant, sprint_mu_tartarus_statrot,
          sprint_mu_cocytus_islands, sprint_mu_zot1]

Skill      XL: |  1  2  3  4  5  6  7 |
---------------+----------------------+-----
Fighting       | 5 6 7 8 |  8.4
Polearms       | 3 4 5 7 9 10 | 10.1
Armour         | 4 5 6 7 8 |  8.3
Shields        | 5 6 7 |  7.4
Dodging        | 1 2 |  2.2
Stealth        | 1 |  1.3
Invocations    | 1 |  1.0

Action                   |  1- 3 |  4- 6 |  7- 9 || total
-------------------------+-------+-------+-------++-------
Melee: Trident           |    22 |    54 |    22 ||    98
 Abil: Dig               |     1 |       |       ||     1
  Use: Potion            |     1 |     2 |       ||     3
 Stab: Sleeping          |       |       |     1 ||     1
Armor: Scale mail        |     2 |    14 |     7 ||    23
Dodge: Dodged            |     5 |    12 |     6 ||    23
Block: Buckler           |     3 |     7 |     3 ||    13

Table legend: (Time is in decaauts)
 A = Elapsed time spent in this place.
 B = Non-inter-level travel time spent in this place.
 C = Inter-level travel time spent in this place.
 D = Time resting spent in this place.
 E = Time spent auto-exploring this place.
 F = Levels seen in this place.
 G = Mean time per level.
                   A        B        C        D        E       F      G
               +--------+--------+--------+--------+--------+-----+--------+
         Total |   1176 |   1176 |      0 |    828 |    112 |   1 | 1176.0 |
       Dungeon |   1176 |   1176 |      0 |    828 |    112 |   1 | 1176.0 |
               +--------+--------+--------+--------+--------+-----+--------+

Top non-repeatable levels by time:
       D: 1176 daAuts
